 Dungeon Crawl Stone Soup version 0.27-a0-1147-gb3d8e82157 (webtiles) character file.

Game seed: 6983564850100520828

119394 Froggeryz the Bludgeoner (level 16, -7/126 HPs)
             Began as a Demonspawn Chaos Knight on May 11, 2021.
             Was the Champion of Okawaru.
             Mangled by Aizul (13 damage)
             ... on level 2 of the Snake Pit.
             The game lasted 00:56:37 (29100 turns).

Froggeryz the Bludgeoner (Demonspawn Chaos Knight) Turns: 29100, Time: 00:56:38

Health: -7/126     AC: 15    Str: 21    XL:     16   Next: 27%
Magic:  20/20      EV: 10    Int: 23    God:    Okawaru [******]
Gold:   2296       SH: 14    Dex: 13    Spells: 15/15 levels left

rFire    . . .     SeeInvis .   T - +2 morningstar (drain)
rCold    + . .     Faith    .   c - +0 kite shield
rNeg     . . .     Spirit   .   b - +0 scale mail {rC+}
rPois    +         Reflect  .   (helmet restricted)
rElec    .         Harm     .   n - +0 cloak
rCorr    .         Rampage  .   (gloves unavailable)
Will     +....                  i - +0 pair of boots of Decompression {Int+3}
Stlth    ..........             M - amulet of regeneration
HPRegen  1.31/turn              K - ring of poison resistance
MPRegen  0.17/turn              y - +4 ring of protection

@: lethally poisoned (-7 -> -11), about to teleport
A: claws 3, demonic guardian 2, powered by pain 1, big brain 3, beak, passive
freeze, strong 1, wild magic 3, MP-powered wands, sturdy frame 1
a: Renounce Religion, Heroism, Finesse


You were on level 2 of the Snake Pit.
You worshipped Okawaru.
Okawaru was exalted by your worship.
You visited 5 branches of the dungeon, and saw 26 of its levels.

You collected 3712 gold pieces.
You spent 1416 gold pieces at shops.

Inventory:

Hand Weapons
 T - a +2 morningstar of draining (weapon)
Missiles
 m - 95 poisoned darts (quivered)
 B - 23 javelins
 N - 11 curare-tipped darts
Armour
 b - a +0 scale mail of cold resistance (worn)
 c - a +0 kite shield (worn)
 i - the +0 pair of boots of Decompression (worn) {Int+3}
   (You bought it in a shop on level 2 of the Orcish Mines)

   It affects your intelligence (+3).
 l - a +0 pair of gloves of archery
 n - a +0 cloak (worn)
 U - the +2 pair of gloves of the Lion {Regen+ Str+4}
   (Okawaru gifted it to you on level 2 of the Lair of Beasts)

   It affects your strength (+4).
   It increases your rate of health regeneration.
Jewellery
 t - a ring of see invisible
 x - a ring of resist corrosion
 y - a +4 ring of protection (right claw)
 z - a ring of flight
 G - a ring of positive energy
 K - a ring of poison resistance (left claw)
 M - an amulet of regeneration (around neck)
Wands
 e - a wand of flame (29)
 A - a wand of iceblast (34)
 F - a wand of acid (14)
 L - a wand of polymorph (26)
 S - a wand of paralysis (7)
Scrolls
 a - 3 scrolls of enchant armour
 g - 3 scrolls of amnesia
 j - 5 scrolls of teleportation
 o - 2 scrolls of fog
 q - 2 scrolls of summoning
 s - 3 scrolls of magic mapping
 C - a scroll of immolation
 E - a scroll of identify
 J - 4 scrolls of fear
 P - 6 scrolls of enchant weapon
Potions
 d - 2 potions of flight
 f - 14 potions of curing
 h - 4 potions of lignification
 k - 5 potions of haste
 p - 4 potions of resistance
 r - 5 potions of attraction
 u - 5 potions of might
 v - 6 potions of brilliance
 w - 3 potions of cancellation
 I - 4 potions of mutation
 O - a potion of magic
 Q - a potion of ambrosia
Miscellaneous
 D - a phantom mirror


   Skills:
 * Level 11.5 Fighting
 - Level 16.4 Maces & Flails
 + Level 9.0 Armour
 - Level 0.8 Dodging
 - Level 15.7 Shields
 - Level 6.0 Invocations


You had 15 spell levels left.
You didn't know any spells.
Your spell library contained the following spells:

 Spells                   Type           Power      Damage    Failure   Level
 Animate Skeleton         Necr           0%         N/A       24%         1
 Apportation              Tloc           0%         N/A       24%         1
 Corona                   Hex            0%         N/A       24%         1
 Magic Dart               Conj           0%         1d3       24%         1
 Shock                    Conj/Air       0%         1d3       24%         1
 Summon Small Mammal      Summ           0%         N/A       24%         1
 Blink                    Tloc           N/A        N/A       32%         2
 Call Imp                 Summ           0%         N/A       32%         2
 Poisonous Vapours        Pois/Air       0%         N/A       32%         2
 Slow                     Hex            0%         N/A       32%         2
 Static Discharge         Conj/Air       0%         N/A       32%         2
 Confusing Touch          Hex            0%         N/A       52%         3
 Conjure Flame            Conj/Fire      0%         6-21      52%         3
 Gell's Gravitas          Tloc           0%         N/A       52%         3
 Inner Flame              Hex/Fire       0%         N/A       52%         3
 Lesser Beckoning         Tloc           0%         N/A       52%         3
 Mephitic Cloud           Conj/Pois/Air  0%         N/A       52%         3
 Summon Guardian Golem    Hex/Summ       0%         N/A       52%         3
 Swiftness                Air            0%         N/A       52%         3
 Teleport Other           Tloc           0%         N/A       52%         3
 Airstrike                Air            0%         N/A       85%         4
 Animate Armour           Summ/Erth      0%         N/A       85%         4
 Leda's Liquefaction      Hex/Erth       0%         N/A       85%         4
 Olgreb's Toxic Radiance  Pois           0%         N/A       85%         4
 Petrify                  Tmut/Erth      0%         N/A       85%         4
 Bolt of Magma            Conj/Fire/Erth 0%         4d4       98%         5
 Lightning Bolt           Conj/Air       0%         1d11      98%         5
 Manifold Assault         Tloc           0%         N/A       98%         5
 Metabolic Englaciation   Hex/Ice        0%         N/A       98%         5
 Summon Forest            Summ/Tloc      0%         N/A       98%         5
 Summon Mana Viper        Hex/Summ       0%         N/A       98%         5
 Yara's Violent Unravell  Hex/Tmut       0%         3d3       98%         5
 Eringya's Noxious Bog    Tmut/Pois      0%         N/A       100%        6
 Shadow Creatures         Summ           N/A        N/A       100%        6
 Summon Hydra             Summ           0%         N/A       100%        7


Dungeon Overview and Level Annotations

Branches:
Dungeon (15/15)            Temple (1/1) D:6            Lair (6/6) D:9
 Shoals (0/4) Lair:4        Snake (2/4) Lair:2        Slime (0/5) Lair:6
    Orc (2/2) D:10            Elf (0/3) Orc:2        Vaults (0/5) D:14
 Depths (0/5) D:15

Altars:
Ashenzari
Cheibriados
Dithmenos
Elyvilon
Fedhas
Gozag
Hepliaklqana
Kikubaaqudgha
Makhleb
Nemelex Xobeh
Okawaru
Qazlal
Ru
Sif Muna
Trog
Uskayaw
Vehumet
Wu Jian
Xom
Yredelemnul
Zin
The Shining One

Shops:
Orc:2 !![=   Snake:2 *?

Annotations:
D:5 1 runed translucent door, Morbidden's ghost, novice DsFi
D:6 2 transporters, nano's ghost, novice DjTm
D:14 Roxanne
Lair:4 exclusion: door
Lair:6 exclusion: 4 oklob plants
Snake:1 3 runed translucent doors, Fofaschei's ghost, journeyman DrFE; Icoonocu's ghost, journeyman DDFi
Snake:2 Aizul; Nikola


Innate Abilities, Weirdness & Mutations

You have claws for hands.
A demonic guardian rushes to your aid.
You sometimes gain a little power by taking damage.
You have an absolutely massive brain. (Int +6, Wiz)
You have a beak for a mouth.
A frigid envelope surrounds you and freezes all who hurt you.
Your muscles are strong. (Str +2)
Your spells are much harder to cast, but much more powerful.
You expend magic power (3 MP) to strengthen your wands.
Your movements are slightly less encumbered by armour. (ER -2)


Message History

You feel better. The black mamba misses you.
The black mamba is engulfed in blazing flames.
A naga warrior comes into view. It is wielding a +0 hand axe.
You block the black mamba's attack. The black mamba closely misses you.
Unknown command.
As you read the scroll of fear, it crumbles to dust.
You assume a fearsome visage.
Aizul resists with almost no effort.
Nikola resists with almost no effort.
The naga warrior resists with some effort.
The naga ritualist resists with some effort.
The black mamba looks frightened! x4
* * * LOW HITPOINT WARNING * * *
You are poisoned.
Nikola gestures at you while chanting. The bolt of lightning misses you.
A naga warrior comes into view.
It is wielding a +1 glaive of protection.
A black mamba comes into view.
You block Aizul's attack.
Unknown command.
Unknown command.
You feel better.
You are poisoned.
Aizul barely misses you.
A naga mage comes into view. It is wielding a +0 spear.
Unknown command.
Unknown command.
Unknown command.
As you read the scroll of teleportation, it crumbles to dust.
You feel strangely unstable.
You feel sick.
You are more poisoned.
Aizul casts a spell at you. The poison arrow hits you!!
You are more poisoned.
You partially resist.
* * * LOW HITPOINT WARNING * * *
A demonic guardian appears!
You focus on the pain.
You feel your power returning. The naga warrior spits poison at you.
You block the splash of poison. Aizul hits you!
You die...

#......##........ ..
#......##.....S.. ...
#......##........
....#..○...##........
......°§#####.......#
.....N..°####.......#
....(.°○○☼...........
.....P(§§...3........
....S(.NS.S@.........
.....................
.......@.............
.....................
...........S.....N...
.................N..
.#......S.########
#........########
...............#


You could see Nikola, Aizul (inner flame, ally target), 2 naga warriors, a naga
ritualist (toxic aura), 5 black mambas, a naga mage and a friendly soul eater
(summoned).

Vanquished Creatures
  A nagaraja (Snake:1)
  An ettin (Orc:2)
  Erolcha (D:11)
  3 naga warriors (Snake:1)
  6 hydras
  4 boulder beetles
  3 anacondas (Snake:1)
  A vault guard (D:14)
  An ogre mage (Orc:1)
  7 centaur warriors
  A catoblepas (Lair:5)
  A deep troll shaman (Lair:6)
  7 two-headed ogres
  8 death yaks
  3 orc high priests (Orc:2)
  4 naga sharpshooters (Snake:1)
  5 shock serpents
  A fire crab (Lair:4)
  2 naga ritualists (Snake:1)
  5 orc knights
  A wizard (D:14)
  Pikel (D:8)
  A necromancer (D:15)
  4 oklob plants (Lair:3)
  7 orc sorcerers
  3 manticores
  12 ugly things
  5 mana vipers
  2 deep elf pyromancers
  A salamander (Snake:1)
  3 cyclopes
  12 elephants
  2 merfolk sirens (Lair:4)
  A guardian serpent (Snake:1)
  18 black mambas
  8 cane toads
  5 orange demons (D:13)
  A kobold demonologist (D:12)
  3 centaur skeletons (D:15)
  7 naga magi (Snake:1)
  3 efreet
  Psyche (D:7)
  A freezing wraith (D:14)
  6 rime drakes
  7 komodo dragons
  A polar bear (shapeshifter) (D:14)
  3 polar bears
  2 meliai (D:13)
  5 trolls
  A wind drake (shapeshifter) (D:13)
  A raiju (shapeshifter) (D:13)
  A slime creature (D:14)
  19 blink frogs
  20 dream sheep
  2 centaur simulacra
  Sigmund (D:3)
  5 shadows
  29 yaks
  2 wraiths
  4 wyverns
  2 vampires
  2 fire elementals (D:12)
  A fire bat (Lair:4)
  6 steam dragons
  8 basilisks
  9 vampire mosquitoes
  A redback simulacrum (D:15)
  2 wargs
  23 nagas
  16 water moccasins
  5 acid dragons
  2 hell hounds (D:12)
  14 orc warriors
  An ice beast (D:11)
  A swamp drake (Lair:4)
  A black bear (Lair:6)
  A necrophage (D:4)
  A hornet zombie (D:5)
  15 wolves
  17 ogres
  11 centaurs
  A phantom (D:7)
  A kobold brigand (D:7)
  9 bullfrogs
  8 scorpions
  2 water moccasin skeletons
  11 killer bees
  3 wights (D:10)
  2 electric eels (D:11)
  3 centaur zombies
  3 hounds
  12 orc priests
  An iguana (D:5)
  A bullfrog skeleton (D:6)
  A scorpion zombie (D:5)
  17 orc wizards
  7 hell rats (Lair:2)
  A killer bee zombie (D:7)
  2 hound skeletons (D:5)
  2 howler monkey skeletons
  11 adders
  8 gnolls
  3 white imps
  2 ufetubi
  2 worms
  A dart slug (D:1)
  62 orcs
  3 bats
  6 endoplasms
  3 giant cockroaches
  8 hobgoblins
  7 jackals
  5 quokkas
  7 ball pythons
  4 frilled lizards (D:1)
  9 goblins
  8 kobolds
651 creatures vanquished.

Vanquished Creatures (collateral kills)
  Louise (D:14)
  A dire elephant (Lair:6)
  Azrael (D:12)
  A catoblepas (Lair:6)
  A death knight (D:12)
  A two-headed ogre (Orc:1)
  A shock serpent (Snake:1)
  A naga sharpshooter (Snake:1)
  An orc knight (Orc:2)
  An elephant (Lair:2)
  2 black mambas (Snake:1)
  A komodo dragon (Lair:3)
  A meliai (D:13)
  A blink frog (Lair:2)
  Grinder (D:4)
  A dream sheep (Lair:4)
  A yak (Lair:4)
  An ogre (Orc:1)
  A bullfrog (Lair:3)
  A scorpion (D:4)
  An orc priest (Orc:2)
  A ball python (D:4)
23 creatures vanquished.

Vanquished Creatures (others)
  Maurice (D:8)
  A scorpion (D:6)
  4 killer bees (D:9)
  2 orc wizards
  An orc (Orc:2)
  9 fungi
  46 plants
  8 withered plants
72 creatures vanquished.

Grand Total: 746 creatures vanquished

Notes
Turn   | Place    | Note
-------+----------+-------------------------------------------
     0 | D:1      | Froggeryz the Demonspawn Chaos Knight began the quest for
                  | the Orb.
     0 | D:1      | Reached XP level 1. HP: 18/18 MP: 1/1
     5 | D:1      | XOM: potion effect (experience)
     5 | D:1      | Reached skill level 7 in Maces & Flails
     5 | D:1      | Gained mutation: You sometimes gain a little power by
                  | taking damage. [demonic ancestry]
     5 | D:1      | Reached XP level 2. HP: 24/24 MP: 2/2
    50 | D:1      | Noticed an anaconda
    50 | D:1      | Noticed a swamp drake
    51 | D:1      | Noticed a komodo dragon
   520 | D:1      | Gained mutation: You have an unusually large brain. (Int
                  | +2) [demonic ancestry]
   520 | D:1      | Reached XP level 3. HP: 24/29 MP: 3/3
   957 | D:1      | XOM: silly message
  1059 | D:1      | XOM: divination: magic mapping
  1668 | D:2      | Gained mutation: You have sharp fingernails. [demonic
                  | ancestry]
  1668 | D:2      | Reached XP level 4. HP: 24/35 MP: 4/4
  1689 | D:1      | XOM: give mutations
  1689 | D:1      | Gained mutation: Your spells are a little harder to cast,
                  | but a little more powerful. [Xom's grace]
  1689 | D:1      | Gained mutation: Your muscles are strong. (Str +2) [Xom's
                  | grace]
  1689 | D:1      | Gained mutation: A frigid envelope surrounds you and
                  | freezes all who hurt you. [Xom's grace]
  2549 | D:3      | Reached XP level 5. HP: 38/41 MP: 5/5
  2557 | D:3      | Noticed Sigmund
  2829 | D:3      | XOM: summons 2 hostile shadow creatures
  3503 | D:3      | Killed Sigmund
  3504 | D:3      | Reached skill level 8 in Maces & Flails
  3504 | D:3      | Gained mutation: You have an extremely huge brain. (Int +4)
                  | [demonic ancestry]
  3504 | D:3      | Reached XP level 6. HP: 48/48 MP: 6/6
  3618 | D:3      | XOM: god gift: pair of gloves {god gift}
  3774 | D:3      | XOM: butterfly on damage
  3925 | D:3      | Found a faded altar of an unknown god.
  4007 | D:3      | XOM: give mutations
  4007 | D:3      | Lost mutation: Your spells are a little harder to cast, but
                  | a little more powerful. [Xom's mischief]
  4007 | D:3      | Gained mutation: You are frail. (-10% HP) [Xom's mischief]
  4007 | D:3      | Gained mutation: You sometimes lose the ability to read
                  | scrolls when taking damage. [Xom's mischief]
  4007 | D:3      | Gained mutation: You are clumsy. (Dex -2) [Xom's mischief]
  4508 | D:4      | Reached XP level 7. HP: 42/48 MP: 7/7
  4553 | D:4      | Noticed Grinder
  4557 | D:4      | Paralysed by something for 6 turns
  4572 | D:4      | XOM: summons 7 friendly demons
  4579 | D:4      | XOM: confuse monster(s)
  4584 | D:4      | XOM: 1-stop teleportation journey
  4588 | D:4      | XOM: enchant monster (bad)
  4589 | D:4      | XOM: summons 7 friendly demons
  4603 | D:4      | Killed Grinder
  4762 | D:4      | Reached skill level 9 in Maces & Flails
  4922 | D:4      | XOM: noise
  5398 | D:5      | Entered Level 5 of the Dungeon
  5403 | D:5      | Reached skill level 5 in Fighting
  5455 | D:5      | XOM: give mutations
  5455 | D:5      | Gained mutation: You are very clumsy. (Dex -4) [Xom's
                  | mischief]
  5455 | D:5      | Lost mutation: Your muscles are strong. (Str +2) [Xom's
                  | mischief]
  5564 | D:5      | Reached XP level 8. HP: 44/55 MP: 8/8
  5779 | D:5      | XOM: silly message
  5862 | D:5      | Found a runed translucent door.
  5862 | D:5      | Noticed Morbidden's ghost (novice DsFi)
  5887 | D:5      | XOM: 5-stop teleportation journey
  6047 | D:5      | XOM: give mutations
  6047 | D:5      | Gained mutation: You have a pair of small horns on your
                  | head. [Xom's grace]
  6047 | D:5      | Gained mutation: Your spells are a little harder to cast,
                  | but a little more powerful. [Xom's grace]
  6047 | D:5      | Gained mutation: You are partially covered in large bone
                  | plates. (SH +4) [Xom's grace]
  6478 | D:6      | Reached skill level 10 in Maces & Flails
  6838 | D:6      | XOM: give mutations
  6838 | D:6      | Lost mutation: You are frail. (-10% HP) [Xom's mischief]
  6838 | D:6      | Lost mutation: You have a pair of small horns on your head.
                  | [Xom's mischief]
  6838 | D:6      | Lost mutation: You sometimes lose the ability to read
                  | scrolls when taking damage. [Xom's mischief]
  6838 | D:6      | Gained mutation: You sometimes lose the ability to read
                  | scrolls when taking damage. [Xom's mischief]
  6913 | D:6      | XOM: summons 1 hostile shadow creature
  6918 | D:6      | XOM: polymorph orc warrior -> centaur
  6963 | D:6      | XOM: give mutations
  6963 | D:6      | Gained mutation: You tend to lose your temper in combat.
                  | [Xom's mischief]
  6963 | D:6      | Lost mutation: You are very clumsy. (Dex -4) [Xom's
                  | mischief]
  6963 | D:6      | Gained mutation: You are very clumsy. (Dex -4) [Xom's
                  | mischief]
  7084 | D:6      | XOM: cloud trail
  7106 | D:6      | XOM: scenery: create altars
  7160 | D:6      | Noticed a troll
  7161 | D:6      | Noticed nano's ghost (novice DjTm)
  7162 | D:6      | Noticed a green ugly thing
  7201 | D:6      | Found a transporter.
  7204 | D:6      | Found a transporter.
  7218 | D:6      | Reached skill level 1 in Shields
  7239 | D:6      | Found a staircase to the Ecumenical Temple.
  7332 | D:6      | XOM: god gift: potion of flight
  7370 | Temple   | Entered the Ecumenical Temple
  7407 | Temple   | XOM: god gift: 51 gold pieces
  7459 | Temple   | XOM: silly message
  7683 | D:7      | XOM is BORED!
  7683 | D:7      | XOM: give mutations
  7683 | D:7      | Gained mutation: You have sharp toenails. [Xom's mischief]
  7683 | D:7      | Gained mutation: Your body sometimes deteriorates upon
                  | taking damage. [Xom's mischief]
  7683 | D:7      | Gained mutation: Your body often deteriorates upon taking
                  | damage. [Xom's mischief]
  7683 | D:7      | Gained mutation: Your muscles are strong. (Str +2) [Xom's
                  | mischief]
  7832 | D:7      | XOM: god gift: staff of cold
  7866 | D:7      | Reached XP level 9. HP: 38/69 MP: 9/9
  7868 | D:7      | XOM: give mutation
  7868 | D:7      | Gained mutation: You have a beak for a mouth. [Xom's grace]
  8033 | D:7      | Found an iron altar of Okawaru.
  8042 | D:7      | Fell from the grace of Xom
  8042 | D:7      | Became a worshipper of Warmaster Okawaru
  8070 | D:7      | XOM: draining
  8447 | D:7      | XOM: torment (33/67 hp)
  8721 | D:7      | XOM: 3-stop teleportation journey
  8797 | D:7      | Reached skill level 11 in Maces & Flails
  9188 | D:8      | Identified the +6 long sword of Gyapus {flame, Int+9}
  9489 | D:8      | Noticed Psyche
  9537 | D:8      | HP: 2/69 [something] (5)]
  9863 | D:7      | Killed Psyche
  9863 | D:7      | Reached * piety under Okawaru
 10159 | D:8      | Noticed a cyclops
 10167 | D:8      | Killed a cyclops
 10271 | D:8      | Reached ** piety under Okawaru
 10272 | D:8      | Gained mutation: You have an absolutely massive brain. (Int
                  | +6, Wiz) [demonic ancestry]
 10272 | D:8      | Reached XP level 10. HP: 51/76 MP: 10/10
 10567 | D:8      | Reached skill level 12 in Maces & Flails
 10898 | D:8      | Noticed Pikel
 10900 | D:8      | Noticed Maurice
 10914 | D:8      | Killed Pikel
 10931 | D:8      | Killed Maurice
 10932 | D:8      | Reached skill level 5 in Shields
 11151 | D:8      | XOM: give mutations
 11151 | D:8      | Lost mutation: You are partially covered in large bone
                  | plates. (SH +4) [Xom's mischief]
 11151 | D:8      | Lost mutation: You are very clumsy. (Dex -4) [Xom's
                  | mischief]
 11362 | D:9      | Found a staircase to the Lair.
 11383 | D:9      | Reached *** piety under Okawaru
 11408 | D:9      | XOM: summons friendly white imp
 11559 | D:9      | XOM: give mutations
 11559 | D:9      | Gained mutation: Your spells are harder to cast, but more
                  | powerful. [Xom's grace]
 11559 | D:9      | Lost mutation: You tend to lose your temper in combat.
                  | [Xom's grace]
 11559 | D:9      | Gained mutation: You expend magic power (3 MP) to
                  | strengthen your wands. [Xom's grace]
 11734 | D:9      | Found a blossoming altar of Fedhas.
 11910 | D:9      | Found an ornate altar of the Wu Jian Council.
 12117 | D:10     | Entered Level 10 of the Dungeon
 12337 | D:10     | XOM: 1-stop teleportation journey
 12364 | D:10     | Reached skill level 13 in Maces & Flails
 12389 | D:10     | XOM: noise
 12700 | D:10     | Noticed a centaur warrior
 12705 | D:10     | Killed a centaur warrior
 12705 | D:10     | Reached **** piety under Okawaru
 13091 | D:10     | Found a staircase to the Orcish Mines.
 13514 | D:11     | XOM: noise
 13529 | D:10     | Gained mutation: A weak demonic guardian rushes to your
                  | aid. [demonic ancestry]
 13529 | D:10     | Reached XP level 11. HP: 71/81 MP: 5/11
 13786 | D:10     | Reached ***** piety under Okawaru
 14273 | D:11     | Noticed a two-headed ogre
 14281 | D:11     | Killed a two-headed ogre
 14311 | D:11     | XOM: god gift: 8 curare-tipped darts
 14349 | D:11     | Received a gift from Okawaru
 14430 | D:11     | XOM: god gift: robe {god gift}
 14441 | D:11     | Identified the +4 hand axe of Aryng {flame, rN+}
 14488 | D:11     | XOM: summons 1 hostile shadow creature
 14548 | D:11     | XOM: give mutations
 14548 | D:11     | Gained mutation: Your mind is acute. (Int +2) [Xom's grace]
 14548 | D:11     | Gained mutation: Your spells are much harder to cast, but
                  | much more powerful. [Xom's grace]
 14548 | D:11     | Lost mutation: You are clumsy. (Dex -2) [Xom's grace]
 14646 | D:11     | Reached skill level 14 in Maces & Flails
 14717 | D:11     | Noticed Erolcha
 14723 | D:11     | Killed Erolcha
 15105 | D:12     | Noticed Azrael
 15122 | D:12     | Killed Azrael
 15191 | D:12     | Noticed a cyan ugly thing
 15207 | D:12     | Killed a cyan ugly thing
 15207 | D:12     | Reached ****** piety under Okawaru
 15269 | D:12     | Noticed a deep elf pyromancer
 15270 | D:12     | Noticed a death knight
 15363 | Lair:1   | Entered Level 1 of the Lair of Beasts
 15606 | Lair:1   | Identified the +3 quarterstaff "Ybets" {antimagic, Will-
                  | Int+3} (Okawaru gifted it to you on level 1 of the Lair of
                  | Beasts)
 15606 | Lair:1   | Received a gift from Okawaru
 15621 | Lair:1   | XOM: give mutation
 15621 | Lair:1   | Gained mutation: Armour fits poorly on your strangely
                  | shaped body. [Xom's mischief]
 15767 | Lair:1   | Reached XP level 12. HP: 78/88 MP: 12/12
 15826 | Lair:1   | XOM: summons 1 hostile demon
 15976 | Lair:2   | Found a staircase to the Snake Pit.
 15977 | Lair:2   | Noticed a seven-headed hydra
 16062 | Lair:2   | Reached skill level 15 in Maces & Flails
 16214 | Lair:2   | XOM: stat loss: -1 Int (17/21)
 16306 | Lair:2   | Killed a seven-headed hydra
 16423 | Lair:2   | Identified the +2 pair of gloves of the Lion {Regen+ Str+4}
                  | (Okawaru gifted it to you on level 2 of the Lair of Beasts)
 16423 | Lair:2   | Received a gift from Okawaru
 17427 | Lair:3   | Reached skill level 16 in Maces & Flails
 17614 | Lair:3   | Reached skill level 10 in Shields
 17641 | Lair:3   | Received a gift from Okawaru
 17993 | Lair:4   | Noticed a seven-headed hydra
 18013 | Lair:4   | Killed a seven-headed hydra
 18014 | Lair:4   | Gained mutation: You have very sharp fingernails. [demonic
                  | ancestry]
 18014 | Lair:4   | Reached XP level 13. HP: 76/93 MP: 10/13
 18341 | Lair:4   | XOM: polymorph rime drake -> fire bat
 18359 | Lair:4   | Found a runed translucent door.
 18418 | Lair:4   | Found a staircase to the Shoals.
 18757 | Lair:4   | XOM: noise
 19018 | Lair:4   | Noticed an entropy weaver
 19110 | Lair:5   | Found a snail-covered altar of Cheibriados.
 19127 | Lair:4   | Reached skill level 5 in Armour
 19187 | Lair:4   | Received a gift from Okawaru
 19303 | Lair:4   | Lost mutation: Your mind is acute. (Int +2) [potion of
                  | mutation]
 19303 | Lair:4   | Lost mutation: You have sharp toenails. [potion of
                  | mutation]
 19303 | Lair:4   | Lost mutation: Your body often deteriorates upon taking
                  | damage. [potion of mutation]
 19303 | Lair:4   | Gained mutation: Your movements are slightly less
                  | encumbered by armour. (ER -2) [potion of mutation]
 19304 | Lair:4   | Lost mutation: Armour fits poorly on your strangely shaped
                  | body. [potion of mutation]
 19304 | Lair:4   | Lost mutation: You sometimes lose the ability to read
                  | scrolls when taking damage. [potion of mutation]
 19304 | Lair:4   | Lost mutation: Your body sometimes deteriorates upon taking
                  | damage. [potion of mutation]
 19807 | Lair:6   | Entered Level 6 of the Lair of Beasts
 19874 | Lair:6   | Received a gift from Okawaru
 19883 | Lair:6   | Reached XP level 14. HP: 29/100 MP: 14/14
 20094 | Lair:6   | XOM: confusion (+ monsters)
 20094 | Lair:6   | Was forgiven by Xom
 20427 | Lair:6   | Received a gift from Okawaru
 20532 | Lair:6   | Identified the +7 shortbow "Fimos" {vorpal, Fly rPois rF+
                  | Dex-3}
 20882 | Lair:6   | Found a staircase to the Slime Pits.
 21245 | Orc:1    | Entered Level 1 of the Orcish Mines
 21820 | Orc:2    | Entered Level 2 of the Orcish Mines
 21887 | Orc:2    | Found a staircase to the Elven Halls.
 22146 | Orc:2    | Identified the +4 long sword of Jilochya {protect, rPois
                  | Str+4} (Okawaru gifted it to you on level 2 of the Orcish
                  | Mines)
 22146 | Orc:2    | Received a gift from Okawaru
 22473 | Orc:2    | Paralysed by an orc sorcerer for 5 turns
 22508 | Orc:2    | Paralysed by an orc sorcerer for 4 turns
 22525 | Orc:2    | Found Kageced's Distillery.
 22525 | Orc:2    | Found Deniali's Jewellery Shoppe.
 22569 | Orc:2    | Found Custip's Distillery.
 22569 | Orc:2    | Found Iroga's Armour Shoppe.
 22586 | Orc:2    | Bought a potion of curing for 42 gold pieces
 22586 | Orc:2    | Bought a potion of curing for 42 gold pieces
 22586 | Orc:2    | Bought a potion of curing for 42 gold pieces
 22586 | Orc:2    | Bought a potion of might for 56 gold pieces
 22586 | Orc:2    | Bought a potion of mutation for 112 gold pieces
 22588 | Orc:2    | Bought 2 potions of heal wounds for 130 gold pieces
 22588 | Orc:2    | Bought a potion of curing for 39 gold pieces
 22588 | Orc:2    | Bought a potion of resistance for 130 gold pieces
 22588 | Orc:2    | Bought a potion of mutation for 104 gold pieces
 22588 | Orc:2    | Bought 2 potions of might for 104 gold pieces
 22588 | Orc:2    | Bought a potion of cancellation for 104 gold pieces
 22589 | Orc:2    | Bought the +0 pair of boots of Decompression {Int+3} for
                  | 231 gold pieces
 23538 | D:13     | Reached skill level 15 in Shields
 23538 | D:13     | Gained mutation: A demonic guardian rushes to your aid.
                  | [demonic ancestry]
 23538 | D:13     | Reached XP level 15. HP: 63/105 MP: 15/15
 23648 | D:13     | Received a gift from Okawaru
 23762 | D:13     | Identified the +1 plate armour "Ykul" {Dex+7}
 24084 | D:14     | Noticed Louise
 24097 | D:14     | Killed Louise
 24135 | D:14     | Noticed Roxanne
 24524 | D:14     | Reached skill level 1 in Invocations
 24858 | D:14     | Reached skill level 5 in Invocations
 24936 | D:14     | Found a gate to the Vaults.
 25187 | D:15     | Entered Level 15 of the Dungeon
 25221 | D:15     | Received a gift from Okawaru
 25484 | D:15     | Found a radiant altar of Vehumet.
 25660 | D:15     | Found a staircase to the Depths.
 26123 | Snake:1  | Entered Level 1 of the Snake Pit
 26284 | Orc:2    | Bought a ring of poison resistance for 280 gold pieces
 26636 | Snake:1  | Identified the +3 trident of the Desolation of Salt {venom,
                  | +Rage rElec rN+} (Okawaru gifted it to you on level 1 of
                  | the Snake Pit)
 26636 | Snake:1  | Received a gift from Okawaru
 27003 | Snake:1  | Reached skill level 10 in Fighting
 27088 | Snake:1  | Found a runed translucent gate.
 27110 | Snake:1  | Found a runed translucent gate.
 27110 | Snake:1  | Found a runed translucent gate.
 27110 | Snake:1  | Noticed Fofaschei's ghost (journeyman DrFE)
 27111 | Snake:1  | Noticed Icoonocu's ghost (journeyman DDFi)
 27184 | Snake:1  | Identified a scroll of acquirement
 27184 | Snake:1  | Acquired 964 gold pieces
 27883 | Snake:1  | Gained mutation: You have claws for hands. [demonic
                  | ancestry]
 27883 | Snake:1  | Reached XP level 16. HP: 123/123 MP: 20/20
 28149 | Snake:1  | Identified the +2 robe of Ututeiw {Dex+6} (Okawaru gifted
                  | it to you on level 1 of the Snake Pit)
 28149 | Snake:1  | Received a gift from Okawaru
 28335 | Snake:1  | Identified the Guide on Ashen Fire
 28337 | Snake:1  | Identified the Disquisition on Creative Contamination
 28339 | Snake:1  | Identified the +0 plate armour of Hairiness {Rampage Will-
                  | Dex+2 SInv}
 29037 | Snake:2  | Found Cuciffy's Magic Scroll Emporium.
 29045 | Snake:2  | Found Bontoargh's General Store.
 29086 | Snake:2  | Noticed Aizul
 29088 | Snake:2  | Noticed Nikola
 29096 | Snake:2  | HP: 6/126 [poisoned by Aizul (poison arrow)]
 29100 | Snake:2  | Mangled by Aizul

Illustrated notes

Levels and vault maps discovered:
D:1:      onia_arrival_zoo_common, layout_basic
D:2:      layout_loops_ring, chequers_avenue
D:3:      layout_basic, shapermc_ecumenical_altar_mp_highgroup,
          nrook_mini_vaults, uniq_sigmund
D:4:      layout_basic, minmay_misc_feat_nine_boxes, uniq_grinder
D:5:      minmay_inner_zag, layout_basic, gammafunk_ghost_grave
D:6:      layout_rooms, minmay_temple_entry_metal_lava, gammafunk_ghost_arena,
          serial_bayou_lagoon_a, kennysheep_opposing_triangles
D:7:      layout_basic, good_gods_temple_1, kennysheep_mini_moat, st_stairs_10,
          nicolae_sextant
D:8:      minmay_distorted_concentric_squares, layout_cave_pods,
          grunt_ministairs_2, uniq_psyche, uniq_pikel, uniq_maurice
D:9:      layout_cave_pools, lemuel_crystal_altar,
          nicolae_wu_jian_immortal_techniques, lair_entry_dummy,
          lemuel_flamethrower_2
D:10:     layout_loops_ring, orc_0_dummy, serial_rivers,
          chequers_serial_rivers_small_b, chequers_serial_rivers_small_b,
          chequers_serial_rivers_micro_d, chequers_serial_rivers_micro_a,
          chequers_serial_rivers_micro_e
D:11:     layout_irregular_city, serial_ice, serial_ice_k, serial_ice_b,
          serial_ice_f, serial_ice_a, serial_ice_m, serial_ice_g, uniq_erolcha
D:12:     layout_long_grid, uniq_azrael
D:13:     layout_irregular_city, einodemon_barbed_minivault
D:14:     layout_basic, david_vaults_5, minivault_11, tso_oasis_becter,
          uniq_roxanne, uniq_louise
D:15:     grunt_enter_depths_magical_seal, layout_gridville,
          hangedman_abyss_or_decor_stabs, nicolae_vehumet_radiance
Temple:   regret_index_temple_sphere_string
Lair:1:   layout_misc_corridors, infiniplex_staircase_pool, grunt_megastairs_5
Lair:2:   layout_gridlike, minmay_snake_entry_guardpost_small, st_stairs_6,
          serial_bayou_pond_b
Lair:3:   layout_hall_layers, minmay_lair_oklob_chamber
Lair:4:   gammafunk_mikee_crab_dinner, layout_gridlike,
          elwin_shoals_entry_rooms, guppyfry_lair_drakes
Lair:5:   layout_hall_layers, basic_altar, nicolae_lair_yak_garden
Lair:6:   grunt_lair_end_beastmaster, layout_small_grid,
          dpeg_slime_entry_corner, dpeg_oklob_1
Snake:1:  kennysheep_snake, layout_onion_interference, gammafunk_ghost_cemetery,
          grunt_megastairs_2
Snake:2:  layout_grid_maze, nrook_loot_triangle, lemuel_fruit_tree,
          minmay_shop_star, uniq_aizul, uniq_nikola
Orc:1:    lemuel_ogre_cave, layout_caves
Orc:2:    grunt_orc_tribal_feast, layout_diamond_mine

Skill      XL: |  1  2  3  4  5  6  7  8  9 10 11 12 13 14 15 16 |
---------------+-------------------------------------------------+-----
Maces & Flails | 7 8 9 10 11 13 14 16 | 16.4
Armour         | 2 7 8 9 |  9.0
Fighting       | 4 5 6 10 11 | 11.5
Shields        | 1 4 6 8 10 12 15 | 15.7
Invocations    | 6 |  6.0
Dodging        | |  0.8

Action                   |  1- 3 |  4- 6 |  7- 9 | 10-12 | 13-15 | 16-18 || total
-------------------------+-------+-------+-------+-------+-------+-------++-------
Melee: Mace              |   114 |   101 |   295 |   147 |       |       ||   657
       Headbutt          |       |       |     4 |       |       |       ||     4
       Peck              |       |       |    26 |   136 |   303 |    32 ||   497
       Flail             |       |       |       |   424 |   405 |       ||   829
       Morningstar       |       |       |       |       |   813 |   133 ||   946
Throw: Dart              |       |       |     4 |     7 |     1 |       ||    12
Invok: Heroism           |       |       |       |     4 |       |       ||     4
       Finesse           |       |       |       |       |     1 |       ||     1
Evoke: Wand              |       |       |       |     6 |     4 |       ||    10
  Use: Scroll            |       |     9 |     6 |     8 |     4 |     3 ||    30
       Potion            |       |     1 |     3 |     1 |     8 |     7 ||    20
 Stab: Sleeping          |     1 |       |       |       |       |       ||     1
       Confused          |       |       |     1 |       |       |       ||     1
       Distracted        |       |       |       |     1 |       |       ||     1
       Petrifying        |       |       |       |       |     1 |       ||     1
       Paralysed         |       |       |       |       |     1 |       ||     1
       Invisible         |       |       |       |       |     1 |       ||     1
Armor: Leather armour    |    30 |       |       |       |       |       ||    30
       Scale mail        |       |    54 |   138 |   234 |   411 |    23 ||   860
       Skin              |       |     3 |     1 |       |       |       ||     4
Dodge: Dodged            |    59 |    57 |   140 |   222 |   402 |    34 ||   914
Block: Other             |       |       |    43 |     7 |       |       ||    50
       Kite shield       |       |       |       |       |   312 |    71 ||   383

Table legend: (Time is in decaauts)
 A = Elapsed time spent in this place.
 B = Non-inter-level travel time spent in this place.
 C = Inter-level travel time spent in this place.
 D = Time resting spent in this place.
 E = Time spent auto-exploring this place.
 F = Levels seen in this place.
 G = Mean time per level.
                   A        B        C        D        E       F      G
               +--------+--------+--------+--------+--------+-----+--------+
         Total |  28635 |  26614 |   2021 |   3031 |  18927 |  26 | 1101.3 |
       Dungeon |  18357 |  17154 |   1203 |   2539 |  12140 |  15 | 1223.8 |
        Temple |    185 |    178 |      7 |      0 |    174 |   1 |  185.0 |
          Lair |   5764 |   5350 |    414 |    259 |   3828 |   6 |  960.7 |
     Snake Pit |   2582 |   2384 |    198 |    157 |   1719 |   2 | 1291.0 |
  Orcish Mines |   1744 |   1546 |    198 |     76 |   1066 |   2 |  872.0 |
               +--------+--------+--------+--------+--------+-----+--------+

Top non-repeatable levels by time:
 Snake:1: 2515 daAuts
    D:10: 2170 daAuts
     D:3: 1740 daAuts
     D:8: 1614 daAuts
     D:1: 1565 daAuts
     D:7: 1496 daAuts
     D:5: 1287 daAuts
  Lair:4: 1285 daAuts
  Lair:6: 1225 daAuts
     D:6: 1172 daAuts
    D:14: 1076 daAuts
     D:4: 1068 daAuts
     D:2: 1031 daAuts
  Lair:3: 1029 daAuts
     D:9: 1026 daAuts
